 Dungeon Crawl Stone Soup version 0.28-a0-1033-g1a2f33fa85 (webtiles) character file.

Game seed: 4406490817753551666

3802 derath95 the Geomancer (level 9, -1/66 HPs)
             Began as a Grey Draconian Earth Elementalist on Dec 7, 2021.
             Was a Priest of Vehumet.
             Succumbed to a hornet's poison
             ... on level 8 of the Dungeon on Dec 8, 2021.
             The game lasted 00:40:04 (9222 turns).

derath95 the Geomancer (DrEE)                       Turns: 9222, Time: 00:40:04

Health: -1/66      AC: 14    Str: 10    XL:     9   Next: 96%
Magic:  9/18       EV: 13    Int: 19    God:    Vehumet [***...]
Gold:   336        SH:  4    Dex: 13    Spells: 11/20 levels left

rFire   . . .      SeeInvis .   m - +1 flail (vamp)
rCold   . . .      Faith    +   (no shield)
rNeg    . . .      Spirit   .   (armour unavailable)
rPois   .          Reflect  .   (helmet restricted)
rElec   +          Harm     .   (no cloak)
rCorr   .          Rampage  .   d - +1 pair of gloves
Will    +....                   (no boots)
Stlth   ++........              k - amulet of faith
HPRegen 0.21/turn               p - ring of willpower
MPRegen 0.16/turn               (no ring)

@: lethally poisoned (-1 -> -6), slowed, very slow
A: AC +12, amphibious, unfitting armour, cold-blooded, large bone plates 1,
frail 1, electricity resistance
a: Renounce Religion


You were on level 8 of the Dungeon.
You worshipped Vehumet.
Vehumet was most pleased with you.
You visited 2 branches of the dungeon, and saw 9 of its levels.

You collected 336 gold pieces.

Inventory:

Hand Weapons
 a - a +1 mace
 l - a +0 vorpal mace
 m - a +1 vampiric flail (weapon)
 o - the +7 Singing Sword {vorpal, sonic wave}
   (You found it on level 4 of the Dungeon)

   It inflicts extra damage upon your enemies.
   It radiates damaging sonic waves as it strikes, especially in combat
   involving dangerous or numerous foes.
Missiles
 b - 93 stones
Armour
 d - a +1 pair of gloves (worn)
Jewellery
 h - an amulet of guardian spirit
 j - an amulet of reflection
 k - an amulet of faith (around neck)
 n - an amulet of regeneration
 p - a ring of willpower (left hand)
Wands
 f - a wand of flame (29)
 i - a wand of acid (2)
Scrolls
 e - a scroll of teleportation
 g - a scroll of enchant armour {unknown}
 s - 2 scrolls of identify
Potions
 c - a potion of might


   Skills:
 + Level 5.1 Fighting
 + Level 4.7 Maces & Flails
 + Level 4.9 Dodging
 - Level 1.7 Stealth
 + Level 6.1 Spellcasting
 + Level 4.7 Conjurations
 - Level 1.0 Transmutations
 + Level 8.5 Earth Magic
 + Level 4.8 Evocations


You had 11 spell levels left.
You knew the following spells:

 Your Spells              Type           Power      Damage    Failure   Level
a - Sandblast             Erth           76%        2d16      1%          1
b - Passwall              Tmut/Erth      19%        N/A       2%          2
c - Stone Arrow           Conj/Erth      60%        3d10      1%          3
d - Magic Dart            Conj           92%        1d7       1%          1
e - Searing Ray           Conj           46%        2d6       1%          2

Your spell library contained the following spells:

 Spells                   Type           Power      Damage    Failure   Level
 Static Discharge         Conj/Air       14%        N/A       1%          2
 Scorch                   Fire           10%        2d6       4%          2
 Pain                     Necr           20%        1d5       11%         1
 Slow                     Hex            20%        N/A       11%         1
 Flame Wave               Conj/Fire      14%        2d5       11%         4
 Fulminant Prism          Conj/Hex       7%         3d7       11%         4
 Petrify                  Tmut/Erth      23%        N/A       16%         4
 Confusing Touch          Hex            5%         N/A       32%         3
 Ozocubu's Armour         Ice            5%         N/A       32%         3
 Vampiric Draining        Necr           5%         2d6       32%         3
 Agony                    Necr           5%         N/A       97%         5
 Excruciating Wounds      Necr           2%         N/A       97%         5
 Summon Cactus Giant      Summ           2%         N/A       100%        6
 Ozocubu's Refrigeration  Ice            2%         4d5       100%        7


Dungeon Overview and Level Annotations

Branches:
Dungeon (8/15)             Temple (1/1) D:6
   Lair: D:8-11

Altars:
Ashenzari
Cheibriados
Dithmenos
Elyvilon
Fedhas
Gozag
Hepliaklqana
Kikubaaqudgha
Makhleb
Nemelex Xobeh
Qazlal
Ru
Sif Muna
Trog
Uskayaw
Vehumet
Wu Jian
Xom
Yredelemnul
Zin
The Shining One

Shops:
D:8 :

Annotations:
D:5 2 transporters, axecop's ghost, weakling NaDe


Innate Abilities, Weirdness & Mutations

Your dull iron-grey scales are very hard. (AC +12)
You are amphibious.
You cannot fit into any form of body armour.
You are cold-blooded and may be slowed by cold attacks.
You are partially covered in large bone plates. (SH +4)
You are frail. (-10% HP)
You are resistant to electric shocks. (rElec)


Message History

You feel as though you will be slow longer.
The gnoll sergeant hits you from afar with a +0 trident!
* * * LOW HITPOINT WARNING * * *
You feel better. You block the hornet's attack.
The gnoll sergeant closely misses you. The hornet closely misses you.
As you read the scroll of teleportation, it crumbles to dust.
You feel strangely unstable. You block the hornet's attack.
The gnoll sergeant hits you but does no damage.
The hornet stings you!
* * * LOW HITPOINT WARNING * * *
You are lethally poisoned!
You feel as though you will be slow longer.
The gnoll sergeant closely misses you.
Okay, then.
Casting: Searing Ray (safe; 1% risk of failure)
Confirm with . or Enter, or press ? or * to list all spells.
Aiming: Sandblast (safe; 1% risk of failure)
Press: ? - help, Shift-Dir - straight line, f - gnoll sergeant
Aim: a gnoll sergeant, wielding a +0 trident and wearing a +0 ring mail (moderately wounded, 87% to hit)
The blast of sand hits the hornet!
The hornet is almost dead.
* * * LOW HITPOINT WARNING * * *
You feel very sick. The hornet closely misses you. x2
The gnoll sergeant hits you but does no damage.
The hornet closely misses you.
Casting: Sandblast (safe; 1% risk of failure)
Confirm with . or Enter, or press ? or * to list all spells.
Aiming: Sandblast (safe; 1% risk of failure)
Press: ? - help, Shift-Dir - straight line, f/p - gnoll sergeant
Aim: a gnoll sergeant, wielding a +0 trident and wearing a +0 ring mail (moderately wounded, 87% to hit)
The blast of sand hits the hornet.
You kill the hornet!
Vehumet accepts your kill.
You feel your power returning.
Your surroundings suddenly seem different.
Found a lajatang and a tourmaline ring.
* * * LOW HITPOINT WARNING * * *
You feel very sick.
You die...

#. #.##
.... #.=#
#..# #..#
#### #..#
....
#.@######..
# ####
#.........)
#.####
##.######..
#....# ...#
#######..
..... #####
..#....#
....
#.#.####
.<. ###.#.#
.. #.....#
.# #.#
#.###.####


There were no monsters in sight!

Vanquished Creatures
  A komodo dragon (D:8)
  Prince Ribbit (D:5)
  2 hornets
  2 steam dragons
  A water moccasin (D:7)
  A sky beast (D:7)
  2 ice beasts
  3 black bears
  A necrophage (D:5)
  2 ogres
  2 phantoms
  A kobold brigand (D:6)
  3 bullfrogs
  7 scorpions
  A water moccasin zombie (D:7)
  A wyvern skeleton (D:6)
  A howler monkey (D:8)
  A centaur zombie (D:6)
  2 hounds
  A bullfrog zombie (D:7)
  An orc priest (D:7)
  4 jellies
  3 iguanas
  2 bullfrog skeletons
  8 orc wizards
  A killer bee zombie (D:5)
  A hound zombie (D:5)
  A hound skeleton (D:4)
  A howler monkey zombie (D:7)
  2 gnolls (D:8)
  A howler monkey skeleton (D:6)
  6 adders
  A shadow imp (D:7)
  3 ufetubi
  A worm (D:3)
  3 dart slugs (D:1)
  22 orcs
  8 endoplasms
  3 giant cockroaches
  5 hobgoblins
  3 quokkas
  2 ball pythons (D:1)
  8 bats
  A frilled lizard (D:1)
  7 goblins
  9 kobolds
  4 rats
147 creatures vanquished.

Vanquished Creatures (others)
  5 fungi (D:4)
5 creatures vanquished.

Grand Total: 152 creatures vanquished

Notes
Turn   | Place    | Note
-------+----------+-------------------------------------------
     0 | D:1      | derath95 the Draconian Earth Elementalist began the quest
                  | for the Orb.
     0 | D:1      | Reached XP level 1. HP: 14/14 MP: 3/3
   236 | D:1      | Reached XP level 2. HP: 15/20 MP: 5/5
   489 | D:1      | Found a faded altar of an unknown god.
   996 | D:1      | Reached XP level 3. HP: 22/26 MP: 7/7
  1384 | D:2      | Learned a level 2 spell: Passwall
  1388 | D:2      | Learned a level 3 spell: Stone Arrow
  1632 | D:2      | Reached skill level 4 in Earth Magic
  2039 | D:3      | Reached XP level 4. HP: 33/33 MP: 6/8
  2510 | D:3      | Found a radiant altar of Vehumet.
  2530 | D:3      | Became a worshipper of Vehumet
  3315 | D:4      | Noticed a phantom
  3322 | D:4      | Killed a phantom
  3323 | D:4      | Reached XP level 5. HP: 36/38 MP: 4/11
  3613 | D:4      | Noticed an ice beast
  3621 | D:4      | Killed an ice beast
  3622 | D:4      | Reached skill level 1 in Fighting
  3622 | D:4      | Reached skill level 1 in Conjurations
  3622 | D:4      | Reached skill level 5 in Earth Magic
  3622 | D:4      | Reached XP level 6. HP: 47/47 MP: 4/12
  3722 | D:4      | Found a shimmering blue altar of Sif Muna.
  3722 | D:4      | Found a shimmering altar of Xom.
  4000 | D:4      | HP: 2/47 [poisoned by a scorpion]
  4006 | D:4      | Reached skill level 1 in Maces & Flails
  4006 | D:4      | Reached skill level 1 in Evocations
  4414 | D:4      | Your scales start taking on a dull iron-grey colour.
  4414 | D:4      | Reached skill level 6 in Earth Magic
  4414 | D:4      | Reached XP level 7. HP: 53/53 MP: 6/13
  4509 | D:4      | Found the +7 Singing Sword {vorpal, sonic wave}
  4594 | D:5      | Entered Level 5 of the Dungeon
  4653 | D:5      | Found a transporter.
  4653 | D:5      | Noticed axecop's ghost (weakling NaDe)
  4654 | D:5      | Reached * piety under Vehumet
  4654 | D:5      | Offered knowledge of Magic Dart by Vehumet.
  4655 | D:5      | Noticed a hornet
  4667 | D:5      | Found a transporter.
  4761 | D:5      | Learned a level 1 spell: Magic Dart
  5219 | D:5      | Reached XP level 8. HP: 62/62 MP: 4/15
  5512 | D:5      | Noticed Prince Ribbit
  5515 | D:5      | Killed Prince Ribbit
  5516 | D:5      | Reached skill level 5 in Spellcasting
  5516 | D:5      | Reached skill level 7 in Earth Magic
  5954 | D:5      | Gained mutation: You are frail. (-10% HP) [potion of
                  | mutation]
  5954 | D:5      | Gained mutation: You are resistant to electric shocks.
                  | (rElec) [potion of mutation]
  5954 | D:5      | Gained mutation: You are partially covered in large bone
                  | plates. (SH +4) [potion of mutation]
  6046 | D:6      | Found a staircase to the Ecumenical Temple.
  6051 | Temple   | Entered the Ecumenical Temple
  6491 | D:6      | Reached ** piety under Vehumet
  6495 | D:6      | Learned a level 2 spell: Searing Ray
  6672 | D:6      | Offered knowledge of Shock by Vehumet.
  6830 | D:6      | Reached XP level 9. HP: 56/63 MP: 1/17
  7673 | D:7      | Paralysed by a hornet for 1 turns
  7901 | D:7      | Reached skill level 8 in Earth Magic
  8160 | D:7      | Offered knowledge of Static Discharge by Vehumet.
  8337 | D:7      | Found a burning altar of Makhleb.
  8346 | D:7      | Found a basalt altar of Yredelemnul.
  8783 | D:8      | Found Douter's Book Boutique.
  8805 | D:8      | Reached *** piety under Vehumet
  8920 | D:8      | Noticed a komodo dragon
  8929 | D:8      | Killed a komodo dragon
  8930 | D:8      | Reached skill level 5 in Fighting
  9221 | D:8      | HP: 1/66 [poisoned by a hornet]
  9222 | D:8      | Succumbed to a hornet's poison

Illustrated notes

Levels and vault maps discovered:
D:1:      minmay_arrival_four_houses, layout_basic,
          nicolae_ecumenical_lake_church, hangedman_decor_points
D:2:      layout_loops_ring, hex_large, minmay_tree_intersection
D:3:      layout_loops_corners, vehumet_altar_wand_db, minivault_24
D:4:      old_forge, layout_loops_corners, gammafunk_temple_overflow_statue
D:5:      layout_loops_ring, gammafunk_ghost_hive, uniq_prince_ribbit1
D:6:      layout_basic, minmay_temple_entry_nine_rooms
D:7:      layout_basic, mainiacjoe_overflow_swirl, small_statue_intersection
D:8:      layout_loops_ring, erik_lair_dragon,
          ploomutoo_gammafunk_ghost_potion_laboratory, serial_shops, shop
Temple:   eino_temple_rhombus

Skill      XL: |  1  2  3  4  5  6  7  8  9 |
---------------+----------------------------+-----
Spellcasting   | 3 4 5 6 |  6.1
Earth Magic    | 4 5 6 7 8 |  8.5
Fighting       | 1 2 4 5 |  5.1
Dodging        | 2 3 4 |  4.9
Conjurations   | 1 2 3 4 |  4.7
Maces & Flails | 1 2 3 4 |  4.7
Evocations     | 1 2 3 4 |  4.8
Stealth        | |  1.7
Transmutations | |  1.0

Action                   |  1- 3 |  4- 6 |  7- 9 || total
-------------------------+-------+-------+-------++-------
Melee: Mace              |    56 |    19 |    31 ||   106
       Tailslap          |     5 |     3 |     8 ||    16
       Flail             |       |       |    22 ||    22
 Cast: Sandblast         |    28 |    58 |   112 ||   198
       Stone Arrow       |       |     6 |    53 ||    59
       Searing Ray       |       |       |     2 ||     2
Evoke: Wand              |       |     3 |       ||     3
  Use: Scroll            |     5 |     1 |     6 ||    12
       Potion            |     1 |     2 |    10 ||    13
 Stab: Sleeping          |     2 |     1 |       ||     3
       Invisible         |       |       |     1 ||     1
Armor: Skin              |    27 |    21 |    80 ||   128
Dodge: Dodged            |    42 |    36 |    88 ||   166
Block: Other             |       |       |    17 ||    17

Table legend: (Time is in decaauts)
 A = Elapsed time spent in this place.
 B = Non-inter-level travel time spent in this place.
 C = Inter-level travel time spent in this place.
 D = Time resting spent in this place.
 E = Time spent auto-exploring this place.
 F = Levels seen in this place.
 G = Mean time per level.
                   A        B        C        D        E       F      G
               +--------+--------+--------+--------+--------+-----+--------+
         Total |   9268 |   9224 |     44 |    154 |   7193 |   9 | 1029.8 |
       Dungeon |   9079 |   9035 |     44 |    154 |   7037 |   8 | 1134.9 |
        Temple |    188 |    188 |      0 |      0 |    156 |   1 |  188.0 |
               +--------+--------+--------+--------+--------+-----+--------+

Top non-repeatable levels by time:
     D:4: 1787 daAuts
     D:5: 1348 daAuts
     D:6: 1345 daAuts
     D:1: 1263 daAuts
     D:7: 1091 daAuts
     D:3: 870 daAuts
     D:2: 734 daAuts
     D:8: 638 daAuts
  Temple: 188 daAuts
